 Dungeon Crawl Stone Soup version 0.23-a0-61-g4bf3f6c (webtiles) character file.

171397 Mgcat the Severer (level 18, -3/174 HPs)
             Began as an Ogre Berserker on Aug 7, 2018.
             Was a High Priest of Trog.
             Slain by a snapping turtle (7 damage)
             ... on level 3 of the Shoals on Aug 9, 2018.
             The game lasted 01:36:32 (33434 turns).

Mgcat the Severer (Ogre Berserker)                 Turns: 33434, Time: 01:36:33

Health: -3/174     AC: 11    Str: 32    XL:     18   Next: 1%
Magic:  24/24      EV: 13    Int:  8    God:    Trog [*****.]
Gold:   3115       SH: 25    Dex: 13    Spells: 17/17 levels left

rFire    . . .     SeeInvis .   L - +6 broad axe (freeze)
rCold    . . .     Gourm    .   e - +1 large shield
rNeg     . . .     Faith    .   N - +0 troll leather armour {regen}
rPois    .         Spirit   .   (helmet restricted)
rElec    .         Reflect  +   K - +2 cloak {+Inv}
rCorr    .         Harm     .   (gloves unavailable)
MR       +....                  (boots unavailable)
Stlth    +.........             C - +2 amulet of reflection
HPRegen  0.79/turn              y - +5 ring of dexterity
MPRegen  0.19/turn              E - +3 ring of protection

@: lethally poisoned (-3 -> -7), afraid
A: large, unfitting armour, tough skin 1
a: Berserk, Trog's Hand, Brothers in Arms, Renounce Religion, Evoke Invisibility


You were on level 3 of the Shoals.
You worshipped Trog.
Trog was extremely pleased with you.
You were very hungry.

You visited 4 branches of the dungeon, and saw 26 of its levels.
You also visited: Labyrinth, Ossuary and Bailey.

You collected 3115 gold pieces.

Inventory:

Hand Weapons
 L - a +6 broad axe of freezing (weapon)
   (You found it on level 6 of the Lair of Beasts)
Missiles
 F - 7 throwing nets {=f, !d}
Armour
 e - a +1 large shield (worn)
   (You found it on level 1 of the Dungeon)
 K - a +2 cloak of invisibility (worn)
   (You acquired it in a bailey)
 N - a +0 troll leather armour (worn) {regen}
   (You found it on level 2 of the Orcish Mines)
Jewellery
 s - an uncursed ring of see invisible {sInv, !d}
   (You found it on level 3 of the Dungeon)
 w - an uncursed ring of protection from fire {rF+, !d}
   (You took it off a minotaur in a labyrinth)
 y - a +5 ring of dexterity (left hand)
   (You found it on level 5 of the Dungeon)
 C - a +2 amulet of reflection (around neck)
   (You found it on level 6 of the Dungeon)
 E - a +3 ring of protection (right hand)
   (You found it on level 6 of the Lair of Beasts)
 I - an uncursed ring of flight {+Fly, !d}
   (You found it on level 13 of the Dungeon)
 P - an uncursed ring of protection from cold {rC+, !d}
   (You found it on level 2 of the Shoals)
Wands
 d - a wand of iceblast (10)
   (You found it on level 1 of the Lair of Beasts)
 j - a wand of random effects (22)
   (You found it on level 1 of the Shoals)
 o - a wand of flame (104)
   (You took it off Jessica on level 3 of the Dungeon)
 t - a wand of disintegration (14)
   (You found it on level 4 of the Dungeon)
 A - a wand of clouds (11)
   (You found it on level 7 of the Dungeon)
 B - a wand of acid (19)
   (You found it on level 13 of the Dungeon)
 H - a wand of paralysis (60)
   (You found it on level 9 of the Dungeon)
 M - a wand of polymorph (21)
   (You found it on level 1 of the Lair of Beasts)
 O - a wand of enslavement (19)
   (You found it on level 4 of the Lair of Beasts)
Scrolls
 f - 2 scrolls of fog
 i - 13 scrolls of teleportation
 k - a scroll of enchant armour
 m - 14 scrolls of remove curse
 n - 5 scrolls of fear
 u - a scroll of holy word {!r}
 z - a scroll of identify
 R - 2 scrolls of magic mapping {!r}
Potions
 a - a potion of mutation {!q}
 g - 8 potions of flight
 h - 3 potions of haste
 l - 2 potions of invisibility
 p - a potion of agility
 q - 8 potions of curing
 r - a potion of heal wounds
 v - 2 potions of lignification {!q}
 x - 6 potions of degeneration {!q}
 D - 3 potions of resistance
 G - a potion of might
Miscellaneous
 J - 3 boxes of beasts
Comestibles
 c - 61 rations


   Skills:
 - Level 10.1 Fighting
 - Level 20.0 Axes
 - Level 7.5 Dodging
 - Level 15.0 Shields
 + Level 9.2 Evocations


You had 17 spell levels left.
You didn't know any spells.
Your spell library was empty.

Dungeon Overview and Level Annotations

Branches:
Dungeon (15/15)            Temple (0/1) D:4            Lair (6/6) D:11
 Shoals (3/4) Lair:4        Snake (0/4) Lair:2        Slime (0/5) Lair:6
    Orc (2/2) D:11            Elf (0/3) Orc:2        Vaults (0/5) D:14
 Depths (0/5) D:15

Altars:
Ashenzari
Elyvilon
Fedhas
Hepliaklqana
Kikubaaqudgha
Makhleb
Okawaru
Qazlal
Ru
Sif Muna
Trog
Xom
The Shining One
Beogh
Jiyva

Shops:
D:6 :   D:7 %   Orc:2 %}*[

Annotations:
Lair:4 2 runed doors, Tueng's ghost, journeyman NaWz
Shoals:1 1 runed door, Ybaf's ghost, journeyman SpVM
Orc:1 wall


Innate Abilities, Weirdness & Mutations

You are too large for most types of armour.
You have tough skin. (AC +1)


Message History

The satyr shoots an arrow.
The arrow hits you!!
You hit the sea snake but do no damage.
The sea snake is moderately wounded.
The sea snake bites you!
The sea snake is no longer moving slowly.
You block the snapping turtle's attack.
The manticore flicks its tail.
The volley of spikes reflects off an invisible shield around you!
The volley of spikes hits the manticore.
The snapping turtle closely misses you. The sea snake bites you!
You are poisoned.
The sea snake poisons you!
You feel very sick.
The snapping turtle bites you but does no damage.
The manticore bites you but does no damage.
You block the manticore's attack.
The manticore claws you but does no damage.
You block the snapping turtle's attack. You block the sea snake's attack.
You slice the manticore!! You freeze the manticore!
You kill the manticore!
Trog accepts your kill.
You hit the snapping turtle.
The snapping turtle seems to slow down.
You freeze the snapping turtle. You miss the sea snake.
You hit the snapping turtle. You freeze the snapping turtle.
You feel sick. You block the snapping turtle's attack.
You block the sea snake's attack.
You hit the snapping turtle. You freeze the snapping turtle.
The snapping turtle is moderately wounded.
You hit the snapping turtle but do no damage.
You slice the sea snake!!
The sea snake seems to slow down.
You freeze the sea snake!
You feel sick.
You block the snapping turtle's attack. x2
You barely miss the sea snake.
The sea snake is severely wounded.
You hit the snapping turtle.
The snapping turtle seems to slow down.
You freeze the snapping turtle. You slash the snapping turtle!
The snapping turtle seems to slow down.
You freeze the snapping turtle.
You feel sick. The sea snake bites you!
The satyr plays a frightful melody on his pipes!
The satyr radiates an aura of fear!
You are terrified of the satyr!
Unknown command.
Unknown command.
You slice the sea snake!!
The sea snake seems to slow down.
You freeze the sea snake.
You kill the sea snake!
Trog accepts your kill.
You have reached level 18!
Your experience leads to an increase in your attributes!
Your base attributes are Str 30, Int 8, Dex 8.
Increase (S)trength, (I)ntelligence, or (D)exterity?
You feel stronger. x2
You slash the snapping turtle!
The snapping turtle seems to slow down.
You freeze the snapping turtle. You slash the snapping turtle!
You freeze the snapping turtle.
You feel sick. The snapping turtle bites you!
You block the snapping turtle's attack.
You slice the snapping turtle!! You freeze the snapping turtle.
The snapping turtle is almost dead.
You hit the snapping turtle but do no damage.
You feel sick.
The satyr shoots an arrow.
The arrow hits you!
You slash the snapping turtle!
The snapping turtle seems to slow down.
You freeze the snapping turtle.
You kill the snapping turtle!
Trog accepts your kill.
You hit the snapping turtle. You freeze the snapping turtle.
You feel sick. You block the snapping turtle's attack.
You hit the snapping turtle but do no damage.
The snapping turtle is almost dead.
You feel sick.
The snapping turtle is no longer moving slowly.
The satyr shoots an arrow.
You reflect the arrow off an invisible shield around you!
The arrow hits the satyr!!
You hit the snapping turtle but do no damage.
The snapping turtle is almost dead.
You are feeling very hungry.
You feel sick. You block the snapping turtle's attack.
You barely miss the snapping turtle.
The snapping turtle is almost dead.
You feel sick.
The satyr shoots an arrow.
You reflect the arrow off an invisible shield around you!
The arrow barely misses the satyr.
The snapping turtle bites you!
You barely miss the snapping turtle.
The snapping turtle is almost dead.
You feel sick.
The satyr shoots an arrow.
The arrow hits you!!
* * * LOW HITPOINT WARNING * * *
You completely miss the snapping turtle.
The snapping turtle is almost dead.
You feel sick. The snapping turtle bites you.
* * * LOW HITPOINT WARNING * * *
You slash the snapping turtle! You freeze the snapping turtle.
You kill the snapping turtle!
Trog accepts your kill.
You feel sick.
The satyr shoots an arrow.
You reflect the arrow off an invisible shield around you!
The arrow closely misses the satyr.
You feel sick. You block the snapping turtle's attack.
You feel sick.
The satyr shoots an arrow.
The arrow hits you!!
* * * LOW HITPOINT WARNING * * *
The snapping turtle bites you from afar!
You die...

≈≈≈≈≈≈≈≈≈<≈≈≈≈≈≈≈
#≈≈≈≈≈.........≈.≈
≈≈≈≈≈≈...#........
.≈≈≈≈≈.........≈≈≈
...........÷....≈≈≈
..>.......<....≈≈≈≈
...............≈≈≈≈
......?........≈≈≈≈
..%.)....@......≈≈≈
........(......≈≈≈≈
.........(.t..≈≈≈≈≈
.....c...†(..≈≈≈≈≈≈
..(.......(.÷≈≈≈≈≈≈
......$.....≈≈≈≈≈≈≈
...........≈≈≈≈≈≈≈≈
(........≈≈≈≈≈≈≈≈≈≈
...###..≈≈≈≈≈≈≈≈≈≈≈


You could see a satyr and a snapping turtle.

Vanquished Creatures
  Polyphemus (Shoals:2)
  An orc warlord (Bailey)
  2 stone giants
  A minotaur (Lab)
  A dire elephant (shapeshifter) (D:15)
  2 merfolk impalers
  Harold (D:9)
  4 catoblepae
  2 alligator snapping turtles
  5 hydras
  2 merfolk aquamancers
  6 centaur warriors
  4 two-headed ogres
  2 dancing weapons (D:14)
  15 death yaks
  A merfolk avatar (Shoals:2)
  4 tengu warriors
  7 orc high priests
  8 sea snakes
  4 skeletal warriors (D:15)
  3 unseen horrors
  A harpy (shapeshifter) (D:15)
  12 orc knights
  2 deep elf magi
  11 harpies
  An orc sorcerer (Orc:1)
  9 fauns
  7 cyclopes
  11 manticores
  3 ugly things
  6 black mambas
  A water nymph (Shoals:3)
  4 spiny frogs
  An elephant (shapeshifter) (D:15)
  2 gargoyles (D:14)
  A black mamba (shapeshifter) (D:13)
  3 merfolk sirens
  10 elephants (Lair:4)
  A yaktaur (shapeshifter) (D:14)
  4 kobold demonologists
  3 rime drakes
  3 komodo dragons
  13 merfolk
  A meliai (shapeshifter) (D:15)
  6 trolls
  A wind drake (Shoals:1)
  Grinder (D:4)
  2 polar bears
  A hornet (D:12)
  6 dream sheep (Shoals:1)
  7 snapping turtles
  6 slime creatures
  12 blink frogs
  A meliai zombie (D:15)
  8 hippogriffs
  A centaur simulacrum (D:14)
  A vampire (D:13)
  3 shadows
  4 wraiths
  32 yaks
  11 water elementals
  2 wyverns
  A golden eye (shapeshifter) (D:12)
  Grum (D:8)
  A basilisk (Lair:3)
  4 wargs
  Menkaure (D:6)
  4 nagas (Lair:2)
  A soldier ant (D:13)
  8 water moccasins
  An acid dragon (D:13)
  10 porcupines
  44 orc warriors
  14 ice beasts
  5 sky beasts
  3 phantoms
  2 black bears
  2 necrophages
  15 centaurs
  38 wolves
  6 ogres
  13 crocodiles
  6 big kobolds
  16 bullfrogs
  A wyvern skeleton (D:6)
  11 killer bees
  2 troll zombies (D:11)
  23 wights
  5 crimson imps
  3 centaur zombies
  A bullfrog zombie (D:10)
  8 jellies
  A quasit (D:7)
  7 centaur skeletons
  6 hounds
  5 human zombies (D:11)
  30 orc priests
  A gnoll shaman (D:6)
  2 human skeletons (D:11)
  22 orc wizards
  2 bullfrog skeletons
  Jessica (D:3)
  2 hell rats (Lair:1)
  3 iguanas
  10 worker ants
  A hound zombie (D:6)
  13 mummies
  A worker ant zombie (D:9)
  10 gnolls
  13 adders
  5 river rats (Lair:1)
  8 shadow imps
  A white imp (Lair:6)
  An ooze (D:4)
  An adder zombie (D:5)
  An adder skeleton (D:6)
  6 worms
  3 dart slugs
  2 leopard geckos
  78 orcs
  7 giant cockroaches
  16 goblins
  13 hobgoblins
  14 jackals
  31 kobolds
  3 quokkas
  3 ball pythons
  8 bats
  9 frilled lizards
  A gnoll skeleton (Ossuary)
  3 goblin skeletons (Ossuary)
  A kobold skeleton (Ossuary)
  3 orc skeletons (Ossuary)
  12 rats
  11 rat skeletons (Ossuary)
  2 fungi
  7 plants
921 creatures vanquished.

Vanquished Creatures (collateral kills)
  2 hydras
  A deep elf knight (D:11)
  A glowing orange brain (D:15)
  A cyclops (shapeshifter) (D:15)
  A water moccasin (Lair:1)
  2 hell rats (Lair:1)
  2 river rats (Lair:1)
  3 rats (Lair:1)
13 creatures vanquished.

Vanquished Creatures (others)
  2 centaur warriors
  A wizard (D:4)
  2 yaktaurs (D:14)
  3 centaurs
  A goblin (D:14)
  7 kobolds
  A bush (Lair:6)
  3 fungi (Lair:6)
  3 plants (Lair:6)
23 creatures vanquished.

Grand Total: 957 creatures vanquished

Notes
Turn   | Place    | Note
-------+----------+-------------------------------------------
     0 | D:1      | Mgcat the Ogre Berserker began the quest for the Orb.
     0 | D:1      | Reached XP level 1. HP: 24/24 MP: 1/1
   170 | D:1      | Reached XP level 2. HP: 31/33 MP: 2/2
   655 | D:2      | Reached XP level 3. HP: 37/40 MP: 3/3
   670 | D:2      | Reached ** piety under Trog
   802 | D:2      | Reached skill level 5 in Fighting
  1055 | D:2      | Found a shattered altar of Ashenzari.
  1067 | D:2      | Reached skill level 4 in Axes
  1092 | D:2      | Reached XP level 4. HP: 50/50 MP: 4/4
  1767 | D:3      | Reached *** piety under Trog
  1790 | D:3      | Noticed Jessica
  1805 | D:3      | Killed Jessica
  1805 | D:3      | Reached skill level 5 in Axes
  1805 | D:3      | Reached XP level 5. HP: 48/57 MP: 5/5
  2867 | D:4      | Reached skill level 6 in Axes
  3036 | D:4      | Noticed Grinder
  3047 | D:4      | Reached XP level 6. HP: 66/66 MP: 6/6
  3051 | D:4      | Killed Grinder
  3051 | D:4      | Reached skill level 7 in Axes
  3052 | D:4      | Reached XP level 7. HP: 72/72 MP: 7/7
  3091 | D:4      | Found a staircase to the Ecumenical Temple.
  3612 | D:4      | Found a shimmering altar of Xom.
  4067 | D:4      | Found a bloodstained altar of Trog.
  4068 | D:4      | Noticed a wizard
  4073 | D:4      | Killed a wizard
  4370 | D:5      | Entered Level 5 of the Dungeon
  4387 | D:5      | Reached skill level 8 in Axes
  4617 | D:5      | Found an iron altar of Okawaru.
  4679 | D:5      | Found a sacrificial altar of Ru.
  4699 | D:5      | Reached skill level 9 in Axes
  4699 | D:5      | Reached XP level 8. HP: 33/80 MP: 8/8
  4711 | D:5      | Got a jewelled war axe
  4712 | D:5      | Identified the +5 war axe of Juvo Buv {chop, +Inv MP+9} (You found it on level 5 of the Dungeon)
  4726 | D:5      | Found a sand-covered staircase.
  4731 | D:5      | Reached **** piety under Trog
  4878 | Ossuary  | Entered an ossuary
  5843 | D:5      | Reached skill level 10 in Axes
  6253 | D:5      | Found a glowing golden altar of the Shining One.
  6254 | D:5      | Found a white marble altar of Elyvilon.
  6258 | D:5      | Found a deep blue altar of Sif Muna.
  6415 | D:6      | Found Boifumi's Book Shoppe.
  6522 | D:6      | Reached skill level 11 in Axes
  6593 | D:6      | Reached XP level 9. HP: 41/88 MP: 9/9
  7078 | D:6      | Reached ***** piety under Trog
  7313 | D:6      | Noticed Menkaure
  7415 | D:6      | Found a blossoming altar of Fedhas.
  7472 | D:6      | Killed Menkaure
  7472 | D:6      | Reached skill level 12 in Axes
  7702 | D:7      | Found Hiolesud's Food Boutique.
  8047 | D:8      | Found a stormy altar of Qazlal.
  8093 | D:8      | Reached skill level 13 in Axes
  8094 | D:8      | Reached XP level 10. HP: 96/96 MP: 10/10
  8315 | D:8      | Noticed Grum
  8354 | D:8      | HP: 14/96 [Grum/glaive of protection (13)]
  8355 | D:8      | Killed Grum
  8356 | D:8      | HP: 3/96 [wolf[Grum] (11)]
  8720 | D:8      | Reached skill level 14 in Axes
  9026 | D:9      | HP: 35/144 [ice beast (8)]
  9027 | D:9      | Reached skill level 3 in Dodging
  9422 | D:9      | Reached skill level 4 in Dodging
  9930 | D:9      | Noticed Harold
  9942 | D:9      | Killed Harold
  9942 | D:9      | Reached skill level 6 in Dodging
 10094 | D:9      | Reached skill level 1 in Shields
 10158 | D:10     | Entered Level 10 of the Dungeon
 10177 | D:10     | Reached skill level 2 in Shields
 10215 | D:10     | Reached skill level 3 in Shields
 10369 | D:10     | Reached XP level 11. HP: 95/102 MP: 11/11
 10375 | D:10     | Reached skill level 4 in Shields
 10396 | D:10     | HP: 25/102 [centaur warrior skeleton (2)]
 10398 | D:10     | HP: 9/102 [ice beast (9)]
 10399 | D:10     | HP: 4/102 [centaur warrior skeleton (5)]
 10404 | D:10     | Reached skill level 5 in Shields
 11445 | D:11     | Noticed a cyclops
 11459 | D:11     | Killed a cyclops
 11589 | D:11     | Received a gift from Trog
 11784 | D:11     | Found a white marble altar of Elyvilon.
 11986 | D:11     | Found an ancient bone altar of Kikubaaqudgha.
 12005 | D:11     | Reached skill level 15 in Axes
 12345 | D:11     | Noticed a manticore
 12351 | D:11     | Killed a manticore
 12769 | D:11     | Found a staircase to the Orcish Mines.
 12778 | D:11     | Found a staircase to the Lair.
 13030 | Lair:1   | Entered Level 1 of the Lair of Beasts
 13203 | Lair:1   | Found a burning altar of Makhleb.
 13369 | Lair:1   | Noticed a four-headed hydra
 13379 | Lair:1   | Killed a seven-headed hydra
 13379 | Lair:1   | Received a gift from Trog
 13554 | Lair:1   | HP: 25/102 [poisoned by a black mamba]
 13560 | Lair:1   | HP: 21/102 [poisoned by a black mamba]
 13566 | Lair:1   | HP: 20/102 [poisoned by a black mamba]
 13572 | Lair:1   | HP: 20/102 [poisoned by a black mamba]
 13943 | Lair:1   | Reached skill level 16 in Axes
 13943 | Lair:1   | Reached XP level 12. HP: 109/111 MP: 12/12
 14032 | Lair:1   | Noticed a six-headed hydra
 14041 | Lair:1   | Killed a nine-headed hydra
 14997 | Lair:2   | Found a staircase to the Snake Pit.
 15013 | Lair:2   | Found a labyrinth entrance.
 15028 | Lab      | Entered a labyrinth
 15029 | Lab      | Upgraded the game from 0.23-a0-49-gd9f7a49 to 0.23-a0-54-gae6112e
 15378 | Lab      | Noticed a minotaur
 15394 | Lab      | Killed a minotaur
 15411 | Lab      | Identified Wujusik's Incunabulum of Beguiling
 15675 | Lair:2   | Reached skill level 17 in Axes
 16397 | Lair:3   | Noticed a death yak
 16397 | Lair:3   | Noticed a death yak
 16433 | Lair:3   | Killed a death yak
 17280 | Lair:3   | Noticed a death yak
 17282 | Lair:3   | Noticed a death yak
 17282 | Lair:3   | Noticed a death yak
 17289 | Lair:2   | Killed a death yak
 17289 | Lair:2   | Reached skill level 18 in Axes
 17416 | Lair:3   | Killed a death yak
 17636 | Lair:3   | Killed a death yak
 17636 | Lair:3   | Reached XP level 13. HP: 118/118 MP: 13/13
 17847 | Lair:4   | Received a gift from Trog
 18230 | Lair:4   | Reached skill level 19 in Axes
 18439 | Lair:4   | Found a large runed door.
 18439 | Lair:4   | Found a large runed door.
 18444 | Lair:4   | Noticed Tueng's ghost (journeyman NaWz)
 18637 | Lair:4   | Found a staircase to the Shoals.
 19434 | Lair:5   | HP: 15/118 [seven-headed hydra (16)]
 19434 | Lair:5   | HP: 4/118 [seven-headed hydra (11)]
 20967 | Lair:6   | Entered Level 6 of the Lair of Beasts
 20991 | Lair:6   | HP: 27/118 [eight-headed hydra (10)]
 20991 | Lair:6   | HP: 12/118 [eight-headed hydra (12)]
 20998 | Lair:5   | HP: 9/118 [polar bear (11)]
 21482 | Lair:6   | Reached skill level 20 in Axes
 21675 | Lair:6   | Reached skill level 6 in Fighting
 22018 | Lair:6   | Reached skill level 7 in Fighting
 22038 | Lair:6   | Reached XP level 14. HP: 113/133 MP: 14/14
 22077 | Lair:6   | Found a staircase to the Slime Pits.
 22078 | Lair:6   | Found a viscous altar of Jiyva.
 22107 | Lair:6   | Reached skill level 8 in Fighting
 22792 | Lair:6   | Reached skill level 9 in Fighting
 22990 | Lair:6   | Reached skill level 10 in Fighting
 23016 | Lair:6   | HP: 51/214 [death yak (17)]
 23021 | Lair:6   | HP: 38/214 [death yak (16)]
 23022 | Lair:6   | Reached skill level 7 in Dodging
 23823 | Orc:1    | Entered Level 1 of the Orcish Mines
 24019 | Orc:2    | Entered Level 2 of the Orcish Mines
 24058 | Orc:2    | Reached skill level 6 in Shields
 24304 | Orc:2    | Noticed a stone giant
 24324 | Orc:2    | Killed a stone giant
 24412 | Orc:2    | Reached skill level 7 in Shields
 24417 | Orc:2    | Received a gift from Trog
 25031 | Orc:2    | Reached skill level 8 in Shields
 25135 | Orc:2    | Found a staircase to the Elven Halls.
 25589 | Orc:2    | Reached skill level 9 in Shields
 25784 | Orc:2    | Found Zis Taer's Antique Armour Boutique.
 25787 | Orc:2    | Found Anel's Gadget Boutique.
 25788 | Orc:2    | Found Nyah's Food Boutique.
 25789 | Orc:2    | Found Xeawk's General Store.
 25955 | Orc:1    | Reached XP level 15. HP: 123/149 MP: 12/15
 26082 | Orc:1    | Reached skill level 10 in Shields
 26100 | Orc:1    | Found a roughly hewn altar of Beogh.
 26656 | D:12     | Received a gift from Trog
 26675 | D:12     | HP: 27/149 [centaur warrior/arrow (20)]
 26683 | D:11     | HP: 33/149 [something (12)]
 26688 | D:11     | HP: 9/149 [deep elf knight/long sword (16)]
 27207 | D:12     | Reached skill level 11 in Shields
 28304 | D:13     | Reached skill level 12 in Shields
 28612 | D:14     | Found a flagged portal.
 28623 | Bailey   | Entered a bailey
 28628 | Bailey   | Noticed an orc warlord
 28720 | Bailey   | Found a runed gate.
 28720 | Bailey   | Found a runed gate.
 28720 | Bailey   | Found a runed gate.
 28863 | Bailey   | Killed an orc warlord
 28904 | Bailey   | Identified a scroll of acquirement
 28937 | D:14     | Received a gift from Trog
 28965 | D:14     | Reached skill level 1 in Evocations
 29105 | D:14     | Reached skill level 2 in Evocations
 29128 | D:14     | Found a hazy altar of Hepliaklqana.
 29451 | D:14     | Found a gate to the Vaults.
 29673 | D:14     | Reached skill level 3 in Evocations
 29759 | D:14     | Upgraded the game from 0.23-a0-54-gae6112e to 0.23-a0-61-g4bf3f6c
 29789 | D:15     | Entered Level 15 of the Dungeon
 29895 | D:15     | Reached skill level 13 in Shields
 29923 | D:15     | Reached XP level 16. HP: 132/158 MP: 18/18
 29989 | D:15     | Received a gift from Trog
 29992 | D:15     | Reached skill level 4 in Evocations
 30459 | D:15     | HP: 36/158 [something (5)]
 30464 | D:15     | HP: 38/158 [something (2)]
 30474 | D:15     | HP: 28/158 [unseen horror (3)]
 30697 | D:15     | Reached skill level 5 in Evocations
 30834 | D:15     | Noticed a shadow dragon
 30834 | D:15     | a frost giant changed into a shadow dragon
 30839 | D:15     | Noticed a storm dragon
 30839 | D:15     | a shadow dragon changed into a storm dragon
 30840 | D:15     | a storm dragon changed into a catoblepas
 30957 | D:15     | Found a staircase to the Depths.
 30973 | D:15     | Reached skill level 14 in Shields
 30973 | D:15     | Reached XP level 17. HP: 166/166 MP: 20/20
 31164 | Shoals:1 | Entered Level 1 of the Shoals
 31405 | Shoals:1 | Reached skill level 6 in Evocations
 31496 | Shoals:1 | Found a runed door.
 31496 | Shoals:1 | Noticed Ybaf's ghost (journeyman SpVM)
 32162 | Shoals:2 | Reached skill level 7 in Evocations
 32189 | Shoals:2 | Reached skill level 15 in Shields
 32478 | Shoals:2 | Noticed Polyphemus
 32668 | Shoals:2 | Reached skill level 8 in Evocations
 32722 | Shoals:2 | Killed Polyphemus
 33164 | Shoals:3 | Reached skill level 9 in Evocations
 33176 | Shoals:3 | HP: 39/166 [sea snake (19)]
 33181 | Shoals:3 | HP: 28/166 [poisoned by a sea snake]
 33186 | Shoals:2 | HP: 20/166 [poisoned by a sea snake]
 33191 | Shoals:2 | HP: 17/166 [poisoned by a sea snake]
 33196 | Shoals:2 | HP: 15/166 [poisoned by a sea snake]
 33202 | Shoals:2 | HP: 15/166 [poisoned by a sea snake]
 33207 | Shoals:2 | HP: 16/166 [poisoned by a sea snake]
 33213 | Shoals:2 | HP: 19/166 [poisoned by a sea snake]
 33221 | Shoals:2 | HP: 23/166 [poisoned by a sea snake]
 33424 | Shoals:3 | Reached XP level 18. HP: 105/174 MP: 24/24
 33430 | Shoals:3 | HP: 39/174 [satyr/arrow (23)]
 33434 | Shoals:3 | HP: 4/174 [satyr/arrow (31)]
 33434 | Shoals:3 | Slain by a snapping turtle

Vault maps used:
D:1:      dpeg_arrival_rooms_with_view, kennysheep_crisscross,
          kennysheep_pointless_box
D:2:      ashenzari_altar_1
D:3:      grunt_ministairs_7, uniq_jessica
D:4:      tgw_xom, minmay_temple_entry_statues, trog_wizard, uniq_grinder
D:5:      nicolae_ru_path_of_blood, minitemple, basic_altar,
          gup_ossuary_entry_pyramid, first_ration, supply_closet_lemuel
D:6:      serial_shops, shop, fedhas_altar_fruit_tree, uniq_menkaure
D:7:      serial_shops, shop
D:8:      grunt_qazlal_clouds, uniq_grum
D:9:      uniq_harold
D:10:     minmay_four_partial_circles
D:11:     lair_entry_dummy, orc_0_dummy, basic_altar, blue_anna_alchemist,
          lemuel_mausoleum_altar_kikubaaqudgha
D:12:     minmay_dotted_concentric_squares
D:13:     hangedman_corner_corridor
D:14:     kennysheep_room_grid, erik_vaults_1, enter_bailey_3, basic_altar,
          hangedman_decor_lopped, kennysheep_two_boxes
D:15:     gammafunk_enter_depths_forms, statue_in_the_mist_lemuel
Lair:1:   basic_altar, minmay_hedge_maze, kennysheep_abandoned_house
Lair:2:   minmay_snake_entry_guardpost_small, lab_entry_generic
Lair:4:   minmay_shoals_entry_hut, ebering_ghost_disaster_area,
          grunt_forest_large_clearings
Lair:5:   serial_bayou_pond_e, wad_woods_river_01, grunt_megastairs_1,
          lemuel_fruit_tree
Lair:6:   evilmike_catoblepas_cave, slime_altar_1, serial_bayou_lagoon_a,
          st_stairs_4, ice2_lemuel, infiniplex_staircase_pool_2
Shoals:1: gammafunk_ghost_grave, nicolae_shoals_water_elemental_grotto
Shoals:2: uniq_polyphemus
Shoals:3: nicolae_shoals_circle_sea_wall
Orc:1:    nicolae_orc_accident_2
Orc:2:    st_orc_pillars
Lab:      nicolae_lab_dead_adventurers, labyrinth_skeletal_remains,
          nicolae_lab_garden
Ossuary:  ossuary_due_small_catacomb
Bailey:   bailey_axe_bossmonster_kennysheep, bailey

Skill      XL: |  1  2  3  4  5  6  7  8  9 10 11 12 13 14 15 16 17 |
---------------+----------------------------------------------------+-----
Fighting       | 5 7 10 | 10.1
Axes           | 4 5 6 7 9 11 13 14 16 18 20 | 20.0
Dodging        | 6 7 |  7.5
Shields        | 3 5 9 13 14 15 | 15.0
Evocations     | 3 5 9 |  9.2

Action                   |  1- 3 |  4- 6 |  7- 9 | 10-12 | 13-15 | 16-18 || total
-------------------------+-------+-------+-------+-------+-------+-------++-------
Melee: Hand axe          |   106 |   178 |   114 |       |       |       ||   398
       War axe           |       |       |   206 |   665 |   419 |       ||  1290
       Broad axe         |       |       |       |       |   783 |   462 ||  1245
Invok: Berserk           |     2 |     7 |    10 |    17 |    14 |     1 ||    51
       Trog's Hand       |       |     2 |     2 |     2 |     9 |     2 ||    17
       Brothers in Arms  |       |       |       |     1 |     3 |     3 ||     7
 Abil: Evoke Invisibilit |       |       |       |       |       |     1 ||     1
Evoke: Wand              |       |       |       |     6 |    25 |     9 ||    40
  Use: Scroll            |       |    11 |    12 |     7 |    11 |     9 ||    50
       Potion            |       |       |       |     7 |     2 |     5 ||    14
 Stab: Sleeping          |     1 |     1 |     7 |     3 |       |       ||    12
       Distracted        |       |       |     1 |       |       |       ||     1
       Paralysed         |       |       |       |     3 |    13 |       ||    16
       Invisible         |       |       |       |       |       |     1 ||     1
       Petrified         |       |       |       |       |       |     5 ||     5
       Confused          |       |       |       |       |       |     3 ||     3
       Petrifying        |       |       |       |       |       |     1 ||     1
  Eat: Chunk             |     2 |    20 |    24 |    33 |    41 |    11 ||   131
       Ration            |       |       |       |     4 |     5 |     1 ||    10
Armor: Animal skin       |    30 |    52 |    35 |    38 |    39 |       ||   194
       Skin              |       |       |       |    29 |       |       ||    29
       Troll leather arm |       |       |       |       |    49 |    64 ||   113
Dodge: Dodged            |    19 |    30 |    49 |   114 |   189 |    98 ||   499
Block: Large shield      |    66 |   103 |   172 |   492 |   826 |   418 ||  2077
       Reflection        |       |       |     9 |    18 |    84 |    48 ||   159

Table legend:
 A = Non-vault XP
 B = Vault XP
 C = Vault XP percentage of total XP
 D = Non-vault monster count
 E = Vault monster count
 F = Vault count percentage of total count
 G = Total turns spent on level
                 A         B        C        D         E       F
            +---------+---------+-------+---------+---------+-------
      Total |  177628 |   11968 |   6.3 |     921 |      19 |   2.0
            +---------+---------+-------+---------+---------+-------
        D:1 |      31 |       0 |   0.0 |      18 |       0 |   0.0
        D:2 |     107 |       0 |   0.0 |      37 |       0 |   0.0
        D:3 |      94 |       0 |   0.0 |      23 |       0 |   0.0
        D:4 |     497 |       0 |   0.0 |      20 |       0 |   0.0
        D:5 |     923 |       0 |   0.0 |      17 |       0 |   0.0
        D:6 |    1226 |       0 |   0.0 |      26 |       0 |   0.0
        D:7 |     883 |       0 |   0.0 |      12 |       0 |   0.0
        D:8 |    1755 |       0 |   0.0 |      30 |       0 |   0.0
        D:9 |    2369 |       0 |   0.0 |      22 |       0 |   0.0
       D:10 |    3546 |       0 |   0.0 |      37 |       0 |   0.0
       D:11 |    5112 |       0 |   0.0 |      73 |       0 |   0.0
       D:12 |   10905 |       0 |   0.0 |      28 |       0 |   0.0
       D:13 |    9453 |       0 |   0.0 |      29 |       0 |   0.0
       D:14 |   11664 |       0 |   0.0 |      49 |       0 |   0.0
       D:15 |   14344 |    4205 |  22.7 |      40 |       8 |  16.7
     Lair:1 |    3970 |       0 |   0.0 |      27 |       0 |   0.0
     Lair:2 |    3622 |       0 |   0.0 |      16 |       0 |   0.0
     Lair:3 |    8203 |       0 |   0.0 |      28 |       0 |   0.0
     Lair:4 |   10118 |       0 |   0.0 |      47 |       0 |   0.0
     Lair:5 |    6726 |       0 |   0.0 |      28 |       0 |   0.0
     Lair:6 |   16291 |       0 |   0.0 |      47 |       0 |   0.0
   Shoals:1 |   15517 |    1023 |   6.2 |      35 |       5 |  12.5
   Shoals:2 |   17286 |    6740 |  28.1 |      33 |       6 |  15.4
   Shoals:3 |    5497 |       0 |   0.0 |      10 |       0 |   0.0
      Orc:1 |    5627 |       0 |   0.0 |      32 |       0 |   0.0
      Orc:2 |   17728 |       0 |   0.0 |     100 |       0 |   0.0
        Lab |    1292 |       0 |   0.0 |       1 |       0 |   0.0
    Ossuary |     218 |       0 |   0.0 |      30 |       0 |   0.0
     Bailey |    2624 |       0 |   0.0 |      26 |       0 |   0.0
            +---------+---------+-------+---------+---------+-------

Vault maps used:
D:1:      dpeg_arrival_rooms_with_view, kennysheep_crisscross,
          kennysheep_pointless_box
D:2:      ashenzari_altar_1
D:3:      grunt_ministairs_7, uniq_jessica
D:4:      tgw_xom, minmay_temple_entry_statues, trog_wizard, uniq_grinder
D:5:      nicolae_ru_path_of_blood, minitemple, basic_altar,
          gup_ossuary_entry_pyramid, first_ration, supply_closet_lemuel
D:6:      serial_shops, shop, fedhas_altar_fruit_tree, uniq_menkaure
D:7:      serial_shops, shop
D:8:      grunt_qazlal_clouds, uniq_grum
D:9:      uniq_harold
D:10:     minmay_four_partial_circles
D:11:     lair_entry_dummy, orc_0_dummy, basic_altar, blue_anna_alchemist,
          lemuel_mausoleum_altar_kikubaaqudgha
D:12:     minmay_dotted_concentric_squares
D:13:     hangedman_corner_corridor
D:14:     kennysheep_room_grid, erik_vaults_1, enter_bailey_3, basic_altar,
          hangedman_decor_lopped, kennysheep_two_boxes
D:15:     gammafunk_enter_depths_forms, statue_in_the_mist_lemuel
Lair:1:   basic_altar, minmay_hedge_maze, kennysheep_abandoned_house
Lair:2:   minmay_snake_entry_guardpost_small, lab_entry_generic
Lair:4:   minmay_shoals_entry_hut, ebering_ghost_disaster_area,
          grunt_forest_large_clearings
Lair:5:   serial_bayou_pond_e, wad_woods_river_01, grunt_megastairs_1,
          lemuel_fruit_tree
Lair:6:   evilmike_catoblepas_cave, slime_altar_1, serial_bayou_lagoon_a,
          st_stairs_4, ice2_lemuel, infiniplex_staircase_pool_2
Shoals:1: gammafunk_ghost_grave, nicolae_shoals_water_elemental_grotto
Shoals:2: uniq_polyphemus
Shoals:3: nicolae_shoals_circle_sea_wall
Orc:1:    nicolae_orc_accident_2
Orc:2:    st_orc_pillars
Lab:      nicolae_lab_dead_adventurers, labyrinth_skeletal_remains,
          nicolae_lab_garden
Ossuary:  ossuary_due_small_catacomb
Bailey:   bailey_axe_bossmonster_kennysheep, bailey

Table legend:
 A = Turns spent in this place as a percentage of turns spent in the entire game.
 B = Non-inter-level travel turns spent in this place as a percentage of non-inter-level travel turns spent in the entire game.
 C = Inter-level travel turns spent in this place as a percentage of turns spent in this place.
 D = Turns resting spent in this place as a percentage of non-inter-level travel turns spent in this place.
 E = Turns spent auto-exploring this place as a percentage of non-inter-level travel turns spent in this place.
 F = Non-inter-level travel turns spent in this place divided by the number of levels of this place that you've seen.
                   A       B       C       D       E      F
               +-------+-------+-------+-------+-------+----------------------
         Total | 100.0 | 100.0 |   5.2 |  18.3 |  59.5 | 1092.9
       Dungeon |  50.0 |  49.6 |   6.0 |  15.5 |  63.7 | 1047.3
          Lair |  31.3 |  31.8 |   3.7 |  25.2 |  60.1 | 1679.8
        Shoals |   6.8 |   6.9 |   3.0 |  20.4 |  48.4 | 734.0
  Orcish Mines |   8.2 |   7.8 |  10.5 |  13.7 |  50.3 | 1233.5
     Labyrinth |   1.2 |   1.3 |   0.0 |   0.0 |   0.0 | 403.0
       Ossuary |   1.6 |   1.7 |   0.0 |   0.0 |  71.6 | 543.0
        Bailey |   0.9 |   0.9 |   0.0 |   4.8 |  29.3 | 290.0
               +-------+-------+-------+-------+-------+----------------------

Table legend:
 A = Kills in this place as a percentage of kills in entire the game.
 B = Kills by you in this place as a percentage of kills by you in the entire game.
 C = Kills by friends in this place as a percentage of kills by friends in the entire game.
 D = Other kills in this place as a percentage of other kills in the entire game.
 E = Experience gained in this place as a percentage of experience gained in the entire game.
 F = Experience gained in this place divided by the number of levels of this place that you have seen.
                   A       B       C       D       E      F
               +-------+-------+-------+-------+-------+----------------------
         Total | 100.0 | 100.0 | 100.0 | 100.0 | 100.0 | 6537.8
       Dungeon |  49.9 |  50.1 |  23.1 |  60.0 |  35.4 | 4474.3
          Lair |  20.5 |  20.1 |  76.9 |   0.0 |  25.8 | 8155.0
        Shoals |   9.5 |   9.8 |   0.0 |   0.0 |  24.3 | 15354.3
  Orcish Mines |  14.0 |  14.5 |   0.0 |   0.0 |  12.3 | 11677.5
     Labyrinth |   0.1 |   0.1 |   0.0 |   0.0 |   0.7 | 1292.0
       Ossuary |   3.2 |   3.3 |   0.0 |   0.0 |   0.1 | 218.0
        Bailey |   2.8 |   2.2 |   0.0 |  40.0 |   1.4 | 2624.0
               +-------+-------+-------+-------+-------+----------------------
